AoeStats
← 寂寞帅哥等爱

Arabia

507200782Analyzed
4v4 RM · 16d ago on Sep 17, 2026· 20m 22s· 8 players
Game mode
Random Map
Map size
Large (8 player)
Population
200
Speed
Normal
Resources
Standard
Victory
Conquest
Starting age
Dark Age
Ending age
Imperial Age
RankedLock teamsTeams togetherTeam positionsShared explorationLock speedFull tech treeHidden civsTurbo modeCheats
Victory
Defeat
🇲🇽 Sicilians · Mexico
1305
+15
🇲🇽 Franks · Mexico
1199
+19
🇲🇽 Saracens · Mexico
1190
+19
🇲🇽 Persians · Mexico
1140
+22
🇦🇷 Franks · Argentina
1299
-20
🇹🇼 Ethiopians · Taiwan
1274
-19
🇨🇳 Saracens · China
1265
-19
🇹🇼 Persians · Taiwan
1219
-17
寂寞帅哥等爱
2:59 Loom
10:09 Feudal Age
10:45 Double-Bit Axe
15:39 Fletching
15:50 Padded Archer Armor
111111
7:29 Loom
10:23 Feudal Age
10:57 Double-Bit Axe
14:18 Wheelbarrow
14:17 Scale Barding Armor
16:32 Forging
chsu25
6:43 Loom
10:01 Feudal Age
10:52 Double-Bit Axe
14:25 Scale Barding Armor
14:31 Forging
Lucas
9:33 Feudal Age
10:52 Loom
11:30 Double-Bit Axe
BlackWolf
4:40 Loom
WhiteKnightT23
5:35 Loom
9:23 Feudal Age
11:55 Double-Bit Axe
14:55 Fletching
EresMiPerro
6:47 Loom
7:50 Loom
10:03 Feudal Age
10:39 Double-Bit Axe
10:36 Horse Collar
19:34 Forging
EquesCaelo
10:40 Feudal Age
14:41 Double-Bit Axe
22:52 Castle Age
Connection lost

Rejoining the realm…

Still unreachable

The connection could not be restored.

Session expired

The server has moved on; the page needs a fresh start.